 Dungeon Crawl Stone Soup version 0.31-a0-202-g547052bce9 (webtiles) character file.

Game seed: 407900268745955738

117 qw the Skirmisher (level 4, -12/25 HPs)
             Began as a Deep Elf Hunter on June 26, 2023.
             Killed by divine providence
             ... invoked by an orc priest
              (15 damage)
             ... on level 3 of the Dungeon.
             The game lasted 00:00:51 (1933 turns).

qw the Skirmisher (Deep Elf Hunter)                 Turns: 1933, Time: 00:00:52

Health: -12/25     AC:  7    Str: 10    XL:     4   Next: 71%
Magic:  6/6        EV: 11    Int: 14    God:
Gold:   20         SH:  0    Dex: 18    Spells: 3/3 levels left

rFire   . . .        Y - +0 shortbow
rCold   . . .        (shield currently unavailable)
rNeg    . . .        h - +0 ring mail
rPois   .            i - +0 helmet
rElec   .            (no cloak)
rCorr   .            k - +0 pair of gloves
SInv    .            (no boots)
Will    .....        (no amulet)
Stlth   +            (no ring)
HPRegen 0.24/turn    (no ring)
MPRegen 0.10/turn

%: no passive effects
@: about to teleport
A: no striking features
a: no special abilities


You were on level 3 of the Dungeon.
You visited 1 branch of the dungeon, and saw 3 of its levels.

You collected 132 gold pieces.
You spent 112 gold pieces at shops.


   Skills:
 - Level 1.5 Fighting
 + Level 8.1 Ranged Weapons
 - Level 2.4 Dodging
 - Level 1.2 Stealth


You had 3 spell levels left.
You didn't know any spells.
Your spell library was empty.

Inventory:

Hand Weapons
 Y - a +0 shortbow (weapon)
Armour
 a - a +0 cloak
 f - a +0 leather armour of fire resistance
 h - a +0 ring mail (worn)
 i - a +0 helmet (worn)
 k - a +0 pair of gloves (worn)
Scrolls
 e - a scroll of fear {unknown}
 g - 3 scrolls of identify
 j - a scroll of enchant weapon {unknown}
Potions
 b - a potion of haste
 d - a potion of enlightenment
 l - a potion of berserk rage {unknown}
 m - a potion of curing {unknown}
 n - 2 potions of mutation {unknown}
 o - a potion of attraction {unknown}

Dungeon Overview and Level Annotations

Branches:
Dungeon (3/15)

Altars:

Shops:
D:1 ?   D:2 [   D:3 ?


Message History

You hear a shout! x2
You shoot an arrow. The arrow closely misses the goblin.
You shoot an arrow.
The arrow hits the goblin but does no damage.
The goblin is heavily wounded.
You shoot an arrow. The arrow hits the goblin!
You kill the goblin!
An orc priest comes into view. It is wielding a +0 hand axe.
You shoot an arrow.
The arrow hits the orc priest but does no damage.
You shoot an arrow. The arrow barely misses the orc priest.
You hear a shout!
The orc priest hits you with a +0 hand axe.
You hear a shout!
You shoot an arrow. The arrow hits the orc priest.
The orc priest is lightly wounded.
The orc priest barely misses you. The orc priest closely misses you.
You shoot an arrow.
The arrow hits the orc priest but does no damage.
The orc priest is lightly wounded.
The orc priest hits you with a +0 hand axe.
You shoot an arrow. The arrow hits the orc priest.
The orc priest is heavily wounded.
The orc priest hits you with a +0 hand axe.
You shoot an arrow.
The arrow hits the orc priest but does no damage.
The orc priest is heavily wounded.
The orc priest calls down the wrath of Beogh upon you.
Pain shoots through your body!
Ouch! That really hurt!
An orc comes into view. It is wielding a +0 dagger.
1932 ||| READING scroll of teleportation.
As you read the scroll of teleportation, it crumbles to dust.
You feel strangely unstable.
An orc priest comes into view. It is wielding a +0 club.
You shoot an arrow. The arrow barely misses the orc.
The orc priest invokes the aid of Beogh against you.
Beogh smites you!
Ouch! That really hurt!
You die...

#.#
#.#.....
#.#
#.......
#.#
##### ..
#.# #.#
#.# #.#
#.# #@#
#o# #.o
#.o.
##...
...#
...#
...#


You could see 2 orc priests and an orc.

Vanquished Creatures
  A hound (D:3)
  3 adders
  A worm (D:3)
  An orc (D:3)
  6 ball pythons (D:1)
  3 endoplasms
  3 giant cockroaches
  7 goblins
  2 hobgoblins
  5 kobolds
  5 quokkas
  7 bats
  5 frilled lizards
  10 rats
59 creatures vanquished.

Notes
Turn   | Place    | Note
-------+----------+-------------------------------------------
     0 | D:1      | qw the Deep Elf Hunter began the quest for the Orb.
     0 | D:1      | Reached XP level 1. HP: 12/12 MP: 3/3
     0 | D:1      | 0 ||| qw: Version: 0.3-a-22-g0ed2b0b
     0 | D:1      | 0 ||| qw: Game counter: 6025
     0 | D:1      | 0 ||| qw: Melee chars always use a shield: true
     0 | D:1      | 0 ||| qw: God list: Okawaru
     0 | D:1      | 0 ||| qw: Allow faded altars: false
     0 | D:1      | 0 ||| qw: Do Orc after clearing Dungeon:15 true
     0 | D:1      | 0 ||| qw: Do second Lair branch before Depths: true
     0 | D:1      | 0 ||| qw: Lair rune preference: random
     0 | D:1      | 0 ||| qw: Goals: Normal
     0 | D:1      | 0 ||| PLANNING D:1-11
    26 | D:1      | Found Tukok's Magic Scroll Emporium.
    38 | D:1      | 38 ||| SHOPLISTING scroll of brand weapon (114 gold, have
                  | 12).
    38 | D:1      | 38 ||| SHOPLISTING scroll of enchant armour (90 gold, have
                  | 12).
    38 | D:1      | 38 ||| SHOPLISTING scroll of identify (24 gold, have 12).
   191 | D:1      | Reached skill level 6 in Ranged Weapons
   191 | D:1      | Reached XP level 2. HP: 13/16 MP: 4/4
   470 | D:1      | Reached XP level 3. HP: 14/20 MP: 5/5
   510 | D:1      | 510 ||| UPGRADING to +0 ring mail.
   520 | D:1      | 520 ||| DROPPING +0 leather armour.
   521 | D:1      | 521 ||| UPGRADING to +0 helmet.
   526 | D:1      | 526 ||| UPGRADING to +0 pair of gloves.
   531 | D:1      | 531 ||| READING scroll labelled GOFIAD FIDAU.
   532 | D:1      | 532 ||| READING scroll labelled MYZONA CABBI.
   533 | D:1      | 533 ||| READING 2 scrolls labelled ROOZEJ JUPT.
   534 | D:1      | 534 ||| READING scroll labelled LIUXZE WERPHARI.
   535 | D:1      | 535 ||| DROPPING scroll of butterflies.
   813 | D:2      | Reached skill level 7 in Ranged Weapons
  1057 | D:2      | Found Qoxkiycs's Armour Shop.
  1062 | D:2      | 1062 ||| SHOPLISTING +0 fire dragon scales (600 gold, have
                  | 99).
  1062 | D:2      | 1062 ||| BUYING +0 leather armour of fire resistance (90
                  | gold).
  1062 | D:2      | Bought a +0 leather armour of fire resistance for 90 gold
                  | pieces
  1062 | D:2      | 1062 ||| SHOPLISTING +0 pair of boots (45 gold, have 9).
  1353 | D:2      | 1353 ||| READING scroll labelled VIJUCZE JUNU.
  1354 | D:2      | 1354 ||| READING scroll labelled PUAP KADGHOUNEL.
  1355 | D:2      | 1355 ||| READING scroll labelled DIREEJ LANTYOL.
  1360 | D:2      | 1360 ||| READING 4 scrolls of identify.
  1360 | D:2      | 1360 ||| IDENTIFYING fuming grey potion
  1361 | D:2      | 1361 ||| READING 3 scrolls of identify.
  1361 | D:2      | 1361 ||| IDENTIFYING metallic amethyst potion
  1418 | D:3      | Reached XP level 4. HP: 15/25 MP: 6/6
  1529 | D:3      | Found Muntegitt's Magic Scroll Emporium.
  1537 | D:3      | 1537 ||| SHOPLISTING scroll of enchant weapon (82 gold,
                  | have 37).
  1537 | D:3      | 1537 ||| BUYING scroll of identify (22 gold).
  1537 | D:3      | Bought a scroll of identify for 22 gold pieces
  1537 | D:3      | 1537 ||| SHOPLISTING scroll of teleportation (33 gold, have
                  | 15).
  1860 | D:3      | Reached skill level 8 in Ranged Weapons
  1931 | D:3      | HP: 3/25 [orc priest/nerve-wracking pain (13)]
  1932 | D:3      | 1932 ||| READING scroll of teleportation.
  1933 | D:3      | Killed from afar by an orc priest

Levels and vault maps discovered:
D:1:      eino_arrival_tree_alley, layout_rooms, serial_shops, shop,
          chequers_serial_rivers_marsh
D:2:      layout_loops_corners, serial_shops, shop
D:3:      layout_basic, serial_shops, shop, kennysheep_generic_room_15,
          uniq_jessica

Skill      XL: |  1  2  3  4 |
---------------+-------------+-----
Ranged Weapons | 6 7 8 |  8.1
Fighting       | |  1.5
Dodging        | |  2.4
Stealth        | |  1.2

Action                     |  1- 3 |  4- 6 || total
---------------------------+-------+-------++-------
   Fire: Shortbow          |   136 |    57 ||   193
    Use: Scroll            |     9 |     1 ||    10
 Armour: Leather armour    |     5 |       ||     5
         Ring mail         |    10 |     9 ||    19
  Dodge: Dodged            |    38 |    11 ||    49

Table legend:
 A = Non-vault XP
 B = Vault XP
 C = Vault XP percentage of total XP
 D = Non-vault monster count
 E = Vault monster count
 F = Vault count percentage of total count
                 A         B        C        D         E       F
            +---------+---------+-------+---------+---------+-------
      Total |     165 |       3 |   1.8 |      58 |       1 |   1.7
            +---------+---------+-------+---------+---------+-------
        D:1 |      41 |       0 |   0.0 |      27 |       0 |   0.0
        D:2 |      35 |       0 |   0.0 |      15 |       0 |   0.0
        D:3 |      89 |       3 |   3.3 |      16 |       1 |   5.9
            +---------+---------+-------+---------+---------+-------
